Cogmind - Beta 13 @@@ ROGUE MODE // 2024.07.12 @ 22:47:26 Player: APerTAS Result: Destroyed by G-34 Mercenary with Small Laser Performance ------------- Evolutions (1) 500 Regions Visited (2) 400 Robots Destroyed (21) 105 Value Destroyed (578) 578 Prototype IDs (0) 0 Alien Tech Used (0) 0 Bonus (0) 0 TOTAL SCORE: 1583 Bonus ------- None Cogmind --------- Core Integrity 0/400 Matter 300/300 Energy 100/100 System Corruption 2% Temperature Cool (12) Movement Core (150) Ox2 Location -9/Materials Parts ------- > --- POWER (1) -------- (None) > --- PROPULSION (2) --- (None) > --- UTILITY (4) ------ Small Storage Unit > --- WEAPON (2) ------- Katana > --- INVENTORY (8) ---- Ion Engine Light Ion Engine Weight Redist. System Sensor Array Targeting Computer Propulsion Shielding Assault Rifle Peak State ------------ > --- POWER ------------ Light Nuclear Core > --- PROPULSION ------- Wheel Wheel > --- UTILITY ---------- Small Storage Unit Sensor Array > --- WEAPON ----------- Beam Cannon Assault Rifle > --- INVENTORY -------- Ion Engine Light Ion Engine Light Treads Weight Redist. System Targeting Computer ECM Suite Particle Gun Assault Rifle [Rating: 10] Favorites ----------- Power Light Nuclear Core Engine Light Ion Engine Power Core Light Nuclear Core Propulsion Wheel Treads Light Treads Wheel Wheel Utility Small Storage Unit Device Sensor Array Storage Small Storage Unit Weapon Assault Rifle Energy Gun EM Pulse Gun Energy Cannon Beam Cannon Ballistic Gun Assault Rifle Slashing Weapon Katana Build | -11 -10 -9 ------- Run | Yrd Mat Mat Slots Evolved 2 | . . 2 Power . | . . . Propulsion . | . . . Utility 2 | . . 2 Weapon . | . . . Parts Attached 19 | 6 10 3 Power 2 | 1 1 . Engine 1 | 1 . . Core 1 | . 1 . Reactor . | . . . Propulsion 5 | 2 3 . Treads 3 | . 3 . Leg . | . . . Wheel 2 | 2 . . Hover . | . . . Flight . | . . . Utility 4 | 1 2 1 Device 3 | . 2 1 Storage 1 | 1 . . Processor . | . . . Hackware . | . . . Protection . | . . . Artifact . | . . . Weapon 8 | 2 4 2 Energy Gun 2 | 1 1 . Energy Cannon 1 | . 1 . Ballistic Gun 4 | 1 2 1 Ballistic Cannon . | . . . Launcher . | . . . Special Weapon . | . . . Impact Weapon . | . . . Slashing Weapon 1 | . . 1 Piercing Weapon . | . . . Special Melee Weapon . | . . . Unidentified Prototypes . | . . . Parts Lost 8 | . 2 6 Power 1 | . . 1 Propulsion 1 | . . 1 Utility 2 | . . 2 Weapon 4 | . 2 2 Highest Loss Streak 6 | . 1 6 To Critical Strikes . | . . . Average Slot Usage (%) 87 | . 95 62 Engine 5 | . 7 . Core 6 | . 6 7 Treads 9 | . 10 7 Wheel 12 | . 16 . Device 13 | . 11 17 Storage 13 | . 14 11 Energy Gun 7 | . 10 . Energy Cannon 7 | . 8 4 Ballistic Gun 9 | . 8 12 Naked Turns . | . . . Heaviest Build 18 | 12 18 18 Greatest Support 40 | 20 40 20 Greatest Overweight (x) 5 | . 5 3 Average Overweight (x) . | . . . Largest Inventory Capacity 8 | 8 8 8 Average Capacity 7 | 7 8 8 Most Carried 8 | 6 8 8 Average Carried 6 | 3 6 6 Final Capacity 8 | 8 8 8 Final Carried 7 | 4 7 7 Class Distribution -------------------- 100% | Mutant Dominant Class ---------------- Mutant | -10/Materials Mutant | -9/Materials Resources | -11 -10 -9 ----------- Run | Yrd Mat Mat Matter Collected 447 | 180 219 48 Remotely . | . . . Salvage Created 801 | . 548 253 Parts 45 | . 34 11 Haulers Intercepted 2 | . 2 . Recyclers Shooed . | . . . Parts Field Recycled . | . . . Retrieved Matter . | . . . Parts Self-Destructed . | . . . Prevented . | . . . Kills | -11 -10 -9 ------- Run | Yrd Mat Mat Combat Hostiles Destroyed 17 | . 12 5 Melee 3 | . . 3 Guns 8 | . 6 2 Cannons 6 | . 6 . Classes Destroyed 5 | . 4 1 Hauler 2 | . 2 . Watcher 2 | . 1 1 Swarmer 3 | . 3 . Grunt 13 | . 9 4 Duelist 1 | . . 1 Best Kill Streak 5 | . 5 4 Combat Bots Only 3 | . 3 3 Max Kills in Single Turn 1 | . 1 1 Gunslinging . | . . . Exploded . | . . . Melee 1 | . . 1 Uniques/NPCs Destroyed . | . . . Combat | -11 -10 -9 -------- Run | Yrd Mat Mat Hostile Shots Fired 123 | . 53 70 Missed 17 | . 8 9 Damage Taken 1500 | . 547 953 Core 542 | . 136 406 Absorbed by Shields . | . . . Core Remaining (%) 72 | 100 45 . Volleys Fired 53 | . 43 10 Largest 2 | . 2 2 Hottest 125 | . 125 43 Shots Fired 91 | . 71 20 Gun 56 | . 36 20 Cannon 35 | . 35 . Launcher . | . . . Special . | . . . Kinetic 33 | . 13 20 Thermal 41 | . 41 . Explosive . | . . . Electromagnetic 17 | . 17 . Robot Hit Streak 12 | . 12 6 Robot Miss Streak 2 | . 2 2 Penetration Max . | . . . Secondary Targets 1 | . . 1 Max Gunslinging Chain 1 | . . 1 Shots Hit Robots 64 | . 45 19 Core Hits 28 | . 18 10 Critical Kills . | . . . Critical Parts Destroyed . | . . . Critical Strikes 1 | . . 1 Sever 1 | . . 1 Melee Attacks 9 | . . 9 Impact . | . . . Slashing 9 | . . 9 Piercing . | . . . Sneak Attacks . | . . . Combat Hostiles . | . . . Follow-up Attacks . | . . . Damage Inflicted 1094 | . 724 370 Guns 490 | . 308 182 Cannons 416 | . 416 . Explosions . | . . . Melee 174 | . . 174 Ramming 14 | . . 14 Kinetic 279 | . 97 182 Thermal 466 | . 466 . Explosive . | . . . Electromagnetic 161 | . 161 . Impact . | . . . Slashing 174 | . . 174 Piercing . | . . . Highest Corruption 2 | . 1 2 Average Corruption 1 | . 1 2 Corruption Purged . | . . . Corruption Blocked . | . . . Effects 3 | . 2 1 Message Errors 2 | . 1 1 Parts Fused 1 | . 1 . Overload Shots . | . . . Overflow Damage . | . . . Projectiles . | . . . Explosions . | . . . Melee . | . . . Knockbacks 1 | . . 1 Impact 1 | . . 1 Kinetic . | . . . Secondary . | . . . Self-Inflicted Damage 6 | . . 6 Shots . | . . . Rammed 10 | . . 10 Targets Rammed 10 | . . 10 Kicked . | . . . Crushed . | . . . Highest Temperature 515 | . 515 6 Average Temperature 183 | . 189 6 Received Heat Transfer 534 | . 246 288 Effects 16 | . 16 . Shutdowns 3 | . 3 . Energy Bleed 3 | . 3 . Interference 3 | . 3 . Short Circuit 2 | . 2 . Damage (minor) 3 | . 3 . Damage (major) 1 | . 1 . Damage (core) 1 | . 1 . Siege Activations . | . . . Robots Corrupted . | . . . Combat Hostiles . | . . . Parts Fried . | . . . Impact Corruptions . | . . . Robots Melted . | . . . Combat Hostiles . | . . . Parts Melted . | . . . Heat Transferred 999 | . 999 . Parts Sabotaged . | . . . Parts Stolen . | . . . Parts Stripped . | . . . Power Chain Reactions . | . . . Alert | -11 -10 -9 ------- Run | Yrd Mat Mat Peak Influence 281 | . 281 158 Initial 72 | . . 72 Average 113 | . 131 98 Maximum Alert Level 1 | . 1 . Low Security (%) 87 | 100 81 100 Level 1 12 | . 18 . Level 2 . | . . . Level 3 . | . . . Level 4 . | . . . Level 5 . | . . . High Security . | . . . Max Security . | . . . Squads Dispatched 4 | . 3 1 Investigation 3 | . 2 1 Extermination . | . . . Reinforcement 1 | . 1 . Assault . | . . . Garrison . | . . . Intercept . | . . . Searches Triggered . | . . . Construction Impeded . | . . . Haulers Reinforced . | . . . Active Scanning Responses . | . . . Cargo Convoy Interrupts . | . . . Stealth | -11 -10 -9 --------- Run | Yrd Mat Mat Distress Signals 3 | . 1 2 Communications Jammed . | . . . Distress Signals . | . . . Times Spotted 28 | . 17 11 Peak Tracking Total 6 | . 3 6 Tactical Retreats 2 | . 1 1 Traps | -11 -10 -9 ------- Run | Yrd Mat Mat Traps Triggered 2 | . 2 . Indirectly . | . . . Trap Hack Attempts . | . . . Triggered . | . . . Disarmed . | . . . Reprogrammed . | . . . Reused . | . . . Traps Extracted . | . . . Installed . | . . . Triggered . | . . . Machines | -11 -10 -9 ---------- Run | Yrd Mat Mat Machines Disabled 1 | . 1 . Max in Single Turn 1 | . 1 . Machines Repaired . | . . . Machines Dismantled . | . . . Machines Sabotaged . | . . . Overloaded Fab Kills . | . . . Hacking | -11 -10 -9 --------- Run | Yrd Mat Mat Machines Accessed 5 | . 3 2 Terminals 4 | . 2 2 Fabricators . | . . . Repair Stations . | . . . Recycling Units 1 | . 1 . Scanalyzers . | . . . Garrison Access . | . . . Total Hacks 11 | . 6 5 Successful 3 | . 1 2 Failed 8 | . 5 3 Catastrophic 2 | . 1 1 Database Lockouts . | . . . Manual 6 | . 4 2 Terminals 8 | . 3 5 Fabricators . | . . . Repair Stations . | . . . Recycling Units 3 | . 3 . Scanalyzers . | . . . Garrison Access . | . . . Terminal Hacks 2 | . . 2 Record 1 | . . 1 Robot Analysis 1 | . . 1 Fabricator Hacks . | . . . Repair Station Hacks . | . . . Recycling Unit Hacks . | . . . Scanalyzer . | . . . Garrison Access Hacks . | . . . Unauthorized Hacks 1 | . 1 . Terminals . | . . . Fabricators . | . . . Repair Stations . | . . . Recycling Units 1 | . 1 . Reject 1 | . 1 . Scanalyzers . | . . . Garrison Access . | . . . Data Cores Recovered . | . . . Used . | . . . Hacking Detections 5 | . 3 2 Full Trace Events 3 | . 1 2 Feedback Events . | . . . Feedback Blocked . | . . . Robot Schematics Acquired . | . . . Robots Built . | . . . Authchips . | . . . Time . | . . . Total Robot Build Rating . | . . . Part Schematics Acquired . | . . . Parts Built . | . . . Authchips . | . . . Time . | . . . Total Part Build Rating . | . . . Parts Repaired . | . . . Time . | . . . Parts Recycled . | . . . Recycled Matter . | . . . Retrieved Matter . | . . . Retrieved Components . | . . . Parts Scanalyzed . | . . . Part Schematics Acquired . | . . . Parts Damaged . | . . . Bothacking | -11 -10 -9 ------------ Run | Yrd Mat Mat Used RIF Installer . | . . . Robots Hacked . | . . . Non-combat . | . . . Combat . | . . . Robot Hacks Applied . | . . . Relay Couplers Released . | . . . Fabnet Peak Effective % . | . . . Robots Rewired . | . . . Allies Hacked . | . . . Hacks Repelled . | . . . Allies | -11 -10 -9 -------- Run | Yrd Mat Mat Total Allies . | . . . Largest Group . | . . . Highest-Rated Group . | . . . Highest-Rated Ally . | . . . Total Orders . | . . . Ally Attacks . | . . . Total Damage . | . . . Kills . | . . . Allies Corrupted . | . . . Allies Melted . | . . . Intel | -11 -10 -9 ------- Run | Yrd Mat Mat Robot Analysis Total 1 | . . 1 Derelict Logs Recovered . | . . . Drone Launches . | . . . Drone Recoveries . | . . . Exploration | -11 -10 -9 ------------- Run | Yrd Mat Mat Turns Passed 841 | 62 578 201 Spaces Moved 571 | 63 427 81 Core 29 | 13 5 11 Treads 170 | . 100 70 Legs . | . . . Wheels 372 | 50 322 . Hover . | . . . Flight . | . . . Fastest Speed 50 | 50 80 100 Average Speed 106 | 73 101 158 Slowest Speed 300 | 80 300 200 Overloaded Moves . | . . . Propulsion Burnouts . | . . . Robots Hopped . | . . . Cave-ins Triggered . | . . . Exploration Rate (%) 21 | 3 54 7 Regions Visited 2 Branch Regions . Pre-discovered Areas . | . . . Known Exits Taken . | . . . Unknown Exits Taken 2 | 1 1 . Scrap Searched . | . . . Spaces Dug . | . . . Terrain Destroyed . | . . . Melee . | . . . Projectile . | . . . AOE . | . . . Terrain Rammed . | . . . Walls Destroyed . | . . . Machines Disabled . | . . . Actions | -11 -10 -9 --------- Run | Yrd Mat Mat Total 699 | 78 504 117 Wait . | . . . Move 569 | 62 426 81 Hop . | . . . Pick Up 28 | 10 15 3 Fast Attach . | . . . Attach 12 | 6 4 2 Detach . | . . . Swap 7 | . 6 1 Drop 11 | . 10 1 Fire 53 | . 43 10 Melee 9 | . . 9 Ram 8 | . . 8 Kick . | . . . Crush 2 | . . 2 Escape Stasis . | . . . Rewire . | . . . Trap . | . . . Miscellaneous . | . . . Route ------- -11/Scrapyard -10/Materials (discovered 3 exits: *Mat x2 / [*Min]) -9/Materials History --------- Turn | Location | Event 31 | -11/Scrapyard | Discovered new exit (range 16) 63 | -11/Scrapyard | Entered Materials 268 | -10/Materials | Discovered new exit (range 5) 301 | -10/Materials | Build established: Mutant 334 | -10/Materials | Discovered new exit (range 8) 478 | -10/Materials | Discovered new exit (range 16) 578 | -10/Materials | Core integrity fell below 50% 641 | -10/Materials | Entered another Materials area 641 | -9/Materials | Evolved 2 slots: Utility x2 820 | -9/Materials | Core integrity fell below 50% 832 | -9/Materials | Lost 6 parts (1p1n2u2w) 839 | -9/Materials | Core integrity fell below 20% 842 | -9/Materials | Destroyed by G-34 Mercenary with Small Laser Last Messages --------------- ECM Suite temporarily disabled. Assault Rifle temporarily disabled. ECM Suite destroyed. Slammed into L-31 Rogue. L-31 Rogue knocked back. Slammed into L-31 Rogue. Assault Rifle destroyed. Sensor Array destroyed. Slammed into L-31 Rogue. L-31 Rogue destroyed. Destabilizing: System corrupted (+2). B|KS3:ARBK ,ICO NWM RCNX|HWFHSO>NDA 0< Acquired Katana. W-16 Scout sends out distress signal. G-34 Mercenary destroyed. Acquired 10 matter. G-34 Mercenary destroyed. W-16 Scout Hover Unit severed. W-16 Scout destroyed. Knocked back. Map ----- +----------------------------------------------------+ | ?????????????????????????????????????????????????? | | ?????????????????????????????????????????????????? | | ?????????????????????????????????????????????????? | | ?????????????????????????????????????????????????? | | ?????????????????????????????????????????????????? | | ?????????????????????????????????????????????????? | | ?????????????????????????????????????????????????? | | ?????????????????????????????????????????????????? | | ?????????????????????????????????????????????????? | | ?????????????????????????????????????????????????? | | ?????????????????????????????????????????????????? | | ?????????????????????????????????????????????????? | | ?????????????????????????????????????????????????? | | ?????????????????????????????????????????????????? | | ???????????????????????????????????????? ???????? | | ???????????????????????????????????????? ??????? | | ???????????????????????##########??????# "??? ?? | | ???????????????????????# #??????# """ ? | | ???????????????????????# """ #??????# """ ?? | | ???????????????????????# """ ######## ??? | | ???????????????????????# """ # # ???? | | ???????????????????????# % # ]# ! ????? | | ???????????????????????# =%! ""#"S # ?????? | | ??????????????????###### =g T"#""" [# #?????? | | ??????????????????# g =% % ""# "" # #?????? | | ??????????????????# ## @b != # # #?????? | | ??????????????????#????#######+######+## ####### | | ??????????????????????????# % # T | | ??????????????????????????# # | | ??????????????????????????# ! % # | | ??????????????????????????# ########### + | | ??????????????????????????# ??????????# # | | ??????????????????????????# ??????????# # | | ??????????????????????????# ?????????## ###### | | ??????????????????????????# ?????????# ##### | | ??????????????????????????# ?????????# | | ??????????????????????????# ?????????# | | ?????????????????????????? ?????????# | | ?????????????????????????? ??????????# ##### | | ????????????????????????? T??????????#######???? | | ????????????????????????? ????????????????????? | | ????????????????????????## ?????????????????????? | | ?????????????????????????? ??????????????????????? | | ?????????????????????????????????????????????????? | | ?????????????????????????????????????????????????? | | ?????????????????????????????????????????????????? | | ?????????????????????????????????????????????????? | | ?????????????????????????????????????????????????? | | ?????????????????????????????????????????????????? | | ?????????????????????????????????????????????????? | +----------------------------------------------------+ Best States ------------- Heat Dissipation 28 Energy Generation 14 Energy Capacity 160 Matter Stores 300 Matter Capacity 300 Sight Range 16 Robot Scan Range 14 Terrain Scan Density 10 ECM Strength 1 Evasion (%) 50 Recoil Reduction 2 Item Schematics ----------------- None Robot Schematics ------------------ None Fabricated ------------ Nothing Alien Tech Used ----------------- None Achievements -------------- None Challenges ------------ None Game ------ Seed TerrainArcDatajack Manual? 0 Play Time 00:13:02 Cumulative 11.3 hours Start 2024.07.12 @ 22:36:36 End 2024.07.12 @ 22:47:26 Sessions 1 Manual Loads 0 Difficulty Rogue Special Mode None Game No. 31 Rogue 31 Adventurer 0 Explorer 0 Win Type - Total 0 Types 0/0/0/0/0/0/0/0/0 Lore% 18 Gallery% 15 Achievement% 16 Wizard Run 0 Options --------- Layout 1 ASCII 0 Keyboard 0 Movement Arrows Keybinds 0 Fullscreen 1 Font 28/Dina Map View 50x43 Zoom Use 0% Tactical HUD 0 Map Filters NONE Filters NONE Steam 1 RUN: c638c842-33ee-46e7-b50c-7a7fa75ac9c8